 Dungeon Crawl Stone Soup version 0.22-a0-223-g0f5d773 (webtiles) character file.

718 4thArraOfDagon the Skirmisher (level 7, -3/54 HPs)
             Began as an Octopode Arcane Marksman on Feb 18, 2018.
             Was an Initiate of Cheibriados.
             Slain by a hungry ghost (4 damage)
             ... while paralysed
             ... on level 7 of the Dungeon.
             The game lasted 00:07:11 (2103 turns).

4thArraOfDagon the Skirmisher (OpAM)                Turns: 2103, Time: 00:07:12

Health: -3/54      AC:  1    Str: 11    XL:     7   Next: 70%
Magic:  8/8        EV:  2    Int: 18    God:    Cheibriados [......]
Gold:   142        SH:  0    Dex: 13    Spells: 7/8 levels left

rFire    . . .     SeeInvis .     - Unarmed
rCold    . . .     Gourm    .   (no shield)
rNeg     . . .     Faith    .   (helmet restricted)
rPois    .         Spirit   .   (no amulet)
rElec    .         Reflect  .   (no ring)
rCorr    .         Harm     .   (no ring)
MR       .....                  (no ring)
Stlth    ++........             (no ring)
HPRegen  0.18/turn              (no ring)
MPRegen  0.11/turn              (no ring)
                                (no ring)
                                (no ring)

@: paralysed, fainting, very slow
A: almost no armour, stealthy swim, amphibious, 8 rings, constrict 8, camouflage
1, gelatinous body 1
a: Bend Time, Renounce Religion


You were on level 7 of the Dungeon.
You worshipped Cheibriados.
Cheibriados was noncommittal.
You were fainting.

You visited 2 branches of the dungeon, and saw 9 of its levels.

You collected 142 gold pieces.

Inventory:

Scrolls
 d - a scroll of enchant armour {unknown}
 f - a scroll of magic mapping {unknown}
 g - a scroll of fog {unknown}
 i - 2 scrolls of teleportation
 m - a scroll of remove curse
 o - a scroll of blinking
Potions
 e - a potion of haste
 h - a potion of agility
 j - a potion of degeneration
 k - 3 potions of cancellation
 l - a potion of curing
Comestibles
 a - a ration
 p - 3 chunks of flesh


   Skills:
 - Level 7.3 Fighting
 - Level 2.0 Throwing
 + Level 2.7 Dodging
 * Level 2.3 Unarmed Combat
 - Level 1.0 Spellcasting
 - Level 3.0 Hexes
 + Level 1.7 Invocations


You had 7 spell levels left.
You knew the following spells:

 Your Spells              Type           Power        Failure   Level  Hunger
a - Corona                Hex            ##.....      6%          1    ##.....


Dungeon Overview and Level Annotations

Branches:
Dungeon (8/15)             Temple (1/1) D:7
   Lair: D:8-11

Altars:
Ashenzari
Cheibriados
Elyvilon
Hepliaklqana
Qazlal
Xom
Yredelemnul
Zin

Annotations:
D:6 4thArraOfDagon's ghost, novice OpAM; Dowan; Duvessa


Innate Abilities, Weirdness & Mutations

You cannot wear most types of armour.
You are very stealthy in the water. (Stealth+)
You are amphibious.
You can wear up to eight rings at the same time.
You can use your tentacles to constrict eight enemies at once.
Your skin changes colour to match your surroundings (Stealth+).
Your rubbery body absorbs attacks. (AC +1, EV +1)


Message History

The hungry ghost hits you.
* * * LOW HITPOINT WARNING * * *
You feel slightly more hungry. The hungry ghost hits you.
* * * LOW HITPOINT WARNING * * *
You feel slightly more hungry. The hungry ghost hits you.
* * * LOW HITPOINT WARNING * * *
You feel slightly more hungry. The hungry ghost hits you.
* * * LOW HITPOINT WARNING * * *
You feel slightly more hungry. The hungry ghost hits you.
* * * LOW HITPOINT WARNING * * *
You feel slightly more hungry. The hungry ghost hits you.
* * * LOW HITPOINT WARNING * * *
You feel slightly more hungry. The hungry ghost hits you.
You die...

##......>...## #............# ..
#............# .# #............#
..# ##.....[.....# ..#
#..........## #..######### #
#..........####.........$.##
###.........=.................##
.#..#........###@..............#
...##.......###.W..............#
#..###.....##.[.....<.......<..##
##.# #####......................#
#.## ##........................
#..###.........................#
##(#........>.#(...............#
#>)W)......####...............#
#........### #....o.........#


You could see a hungry ghost.

Vanquished Creatures
  An orc warrior (D:7)
  An ogre (D:4)
  A centaur (D:8)
  2 scorpions
  A crimson imp (D:5)
  A centaur skeleton (D:7)
  An orc priest (D:7)
  3 orc wizards
  A worker ant (D:6)
  A hound zombie (D:7)
  A howler monkey zombie (D:7)
  4 gnolls
  3 adders
  A shadow imp (D:7)
  An adder zombie (D:7)
  A worm (D:2)
  19 orcs
  2 giant cockroaches
  A hobgoblin (D:2)
  2 jackals (D:5)
  A quokka (D:5)
  A frilled lizard (D:2)
  A jackal zombie (D:7)
  2 kobolds
53 creatures vanquished.

Notes
Turn   | Place    | Note
-------+----------+-------------------------------------------
     0 | D:1      | 4thArraOfDagon the Octopode Arcane Marksman began the quest for the Orb.
     0 | D:1      | Reached XP level 1. HP: 13/13 MP: 2/2
    22 | D:1      | You fall through a shaft!
    75 | D:2      | Reached skill level 2 in Fighting
    75 | D:2      | Reached XP level 2. HP: 19/19 MP: 3/3
   106 | D:2      | Noticed a scorpion
   119 | D:2      | Killed a scorpion
   119 | D:2      | Reached skill level 3 in Fighting
   119 | D:2      | Reached XP level 3. HP: 27/27 MP: 4/4
   119 | D:2      | Reached XP level 4. HP: 33/33 MP: 5/5
   243 | D:4      | Noticed an ogre
   248 | D:4      | Killed an ogre
   248 | D:4      | Reached skill level 5 in Fighting
   248 | D:4      | Reached XP level 5. HP: 30/39 MP: 6/6
   334 | D:5      | Entered Level 5 of the Dungeon
   706 | D:6      | Reached XP level 6. HP: 25/46 MP: 7/7
   757 | D:6      | Noticed Duvessa
   757 | D:6      | Noticed Dowan
   834 | D:5      | Reached skill level 6 in Fighting
  1473 | D:6      | Noticed 4thArraOfDagon's ghost (novice OpAM)
  1493 | D:7      | Noticed a hungry ghost
  1574 | D:7      | Reached skill level 7 in Fighting
  1583 | D:7      | Reached XP level 7. HP: 23/54 MP: 8/8
  1682 | D:7      | Found a staircase to the Ecumenical Temple.
  1692 | Temple   | Entered the Ecumenical Temple
  1710 | Temple   | Became a worshipper of Cheibriados the Contemplative
  1795 | D:7      | Reached skill level 1 in Unarmed Combat
  1795 | D:7      | Reached skill level 1 in Invocations
  2095 | D:7      | Paralysed by fainting for 9 turns
  2102 | D:7      | HP: 1/54 [hungry ghost (4)]
  2103 | D:7      | Slain by a hungry ghost

Vault maps used:
D:1:      giann_forest_graveyard
D:2:      serial_glass, glass_columns_b, glass_columns_a, glass_columns_c,
          glass_columns_b, glass_columns_a, glass_columns_a, glass_columns_a,
          glass_columns_a, glass_columns_c, glass_columns_a, glass_columns_a,
          glass_columns_a, glass_columns_a, glass_columns_a, first_ration,
          uniq_sigmund
D:3:      minmay_goblin_kobold_castle
D:4:      serial_shops, shop, due_unseen_surprise
D:6:      uniq_duvessa
D:7:      temple_pool_b
D:8:      uniq_psyche
Temple:   regret_index_temple_sigil_plot

Skill      XL: |  1  2  3  4  5  6  7 |
---------------+----------------------+-----
Fighting       | 2 3 5 7 |  7.3
Unarmed Combat | 2 |  2.3
Invocations    | 1 |  1.7
Throwing       | |  2.0
Dodging        | |  2.7
Spellcasting   | |  1.0
Hexes          | |  3.0

Action                   |  1- 3 |  4- 6 |  7- 9 || total
-------------------------+-------+-------+-------++-------
Melee: Unarmed           |     3 |   104 |    80 ||   187
       Constrict         |     1 |    26 |    19 ||    46
       Tentacles         |       |    22 |    19 ||    41
Throw: Javelin           |     9 |    33 |     8 ||    50
       Throwing net      |     1 |     3 |     2 ||     6
  Use: Scroll            |       |     6 |     2 ||     8
       Potion            |       |       |     3 ||     3
 Stab: Sleeping          |       |     1 |     2 ||     3
       Held in net/web   |       |       |     2 ||     2
  Eat: Chunk             |       |     1 |     1 ||     2
       Ration            |       |     1 |       ||     1
Armor: Skin              |       |     5 |     4 ||     9
Dodge: Dodged            |     1 |    61 |    42 ||   104

Table legend:
 A = Spawn XP
 B = Non-spawn XP
 C = Spawn XP percentage of total XP
 D = Spawn monster count
 E = Non-spawn monster count
 F = Spawn count percentage of total count
 G = Total turns spent on level
                    A         B        C        D         E        F      G
               +---------+---------+-------+---------+---------+-------+---------
         Total |       0 |    1027 |   0.0 |       0 |      53 |   0.0 |  2103
               +---------+---------+-------+---------+---------+-------+---------
           D:2 |       0 |      92 |   0.0 |       0 |       6 |   0.0 |   188
           D:3 |       0 |       1 |   0.0 |       0 |       1 |   0.0 |    31
           D:4 |       0 |     118 |   0.0 |       0 |       2 |   0.0 |    99
           D:5 |       0 |     217 |   0.0 |       0 |      12 |   0.0 |   891
           D:6 |       0 |     117 |   0.0 |       0 |       9 |   0.0 |   260
           D:7 |       0 |     364 |   0.0 |       0 |      21 |   0.0 |   468
           D:8 |       0 |     118 |   0.0 |       0 |       2 |   0.0 |   108
               +---------+---------+-------+---------+---------+-------+---------
